 Dungeon Crawl Stone Soup version 0.31-a0-133-gaae73658be (webtiles) character file.

Game seed: 5696743413204951744

2385 Essalna the Zephyrmancer (level 9, -2/55 HPs)
             Began as a Tengu Air Elementalist on June 2, 2023.
             Slain by Duvessa
             ... wielding a +0 short sword
              (5 damage)
             ... on level 7 of the Dungeon.
             The game lasted 00:15:04 (7347 turns).

Essalna the Zephyrmancer (Tengu Air Elementalist)   Turns: 7347, Time: 00:15:05

Health: -2/55      AC:  5    Str:  9    XL:     9   Next: 45%
Magic:  20/33      EV: 16    Int: 19    God:
Gold:   316        SH:  0    Dex: 15    Spells: 8/15 levels left

rFire   . . .        s - +2 short sword (venom)
rCold   . . .        (no shield)
rNeg    . . .        F - +1 robe {Will+}
rPois   .            (helmet restricted)
rElec   .            o - +0 cloak
rCorr   .            x - +0 pair of gloves
SInv    .            (boots unavailable)
Will    +....        (no amulet)
Stlth   ++           f - ring of magical power
HPRegen 0.29/turn    w - ring of magical power
MPRegen 0.23/turn

%: no passive effects
@: flying quickly and evasively, invisible, quick
A: beak, talons 3, nimble flight
a: no special abilities


You were on level 7 of the Dungeon.
You visited 1 branch of the dungeon, and saw 7 of its levels.
You also visited: Sewer.

You collected 316 gold pieces.

Inventory:

Hand Weapons
 c - a +1 spear
 s - a +2 short sword of venom (weapon)
Missiles
 A - a throwing net
Armour
 a - a +1 robe
 o - a +0 cloak (worn)
 x - a +0 pair of gloves (worn)
 F - a +1 robe of willpower (worn)
Magical Staves
 v - a staff of cold
Jewellery
 f - a ring of magical power (left hand)
 m - a ring of positive energy
 r - a ring of wizardry
 w - a ring of magical power (right hand)
 y - a +6 ring of intelligence
 B - a +5 ring of evasion
Scrolls
 l - 9 scrolls of identify
 p - 2 scrolls of fog
 z - 2 scrolls of fear
 C - 2 scrolls of enchant armour
Potions
 b - 3 potions of magic
 e - a potion of ambrosia {unknown}
 g - 2 potions of cancellation {unknown}
 h - a potion of resistance {unknown}
 i - 3 potions of enlightenment {unknown}
 j - a potion of brilliance {unknown}
 k - a potion of lignification {unknown}
 n - 3 potions of heal wounds {unknown}
 q - 2 potions of curing
 t - a potion of might {unknown}
 u - 3 potions of haste
 D - a potion of mutation {unknown}


   Skills:
 + Level 6.2 Fighting
 + Level 3.3 Armour
 + Level 4.1 Dodging
 - Level 2.0 Stealth
 + Level 3.6 Spellcasting
 + Level 8.3 Conjurations
 + Level 9.1 Air Magic


You had 8 spell levels left.
You knew the following spells:

 Your Spells              Type           Power      Damage    Failure   Level
a - Shock                 Conj/Air       100%       1d9       1%          1
b - Static Discharge      Conj/Air       72%        2-5/arc   1%          2
c - Airstrike             Air            19%        2d(3-19)  3%          4

Your spell library contained the following spells:

 Spells                   Type           Power      Damage    Failure   Level
 Swiftness                Air            38%        N/A       1%          3
 Poisonous Vapours        Pois/Air       40%        N/A       3%          2
 Iskenderun's Battlesphe  Conj           35%        2d9       13%         5
 Apportation              Tloc           6%         N/A       14%         1
 Necrotise                Necr           12%        1d4       14%         1
 Slow                     Hex            12%        N/A       14%         1
 Sting                    Tmut/Pois      12%        1d3       14%         1
 Summon Small Mammal      Summ           12%        N/A       14%         1
 Confusing Touch          Hex            3%         N/A       41%         3
 Vampiric Draining        Necr           3%         2d6       41%         3
 Conjure Ball Lightning   Conj/Air       18%        3x3d6     52%         6
 Fireball                 Conj/Fire      9%         3d6       58%         5
 Olgreb's Toxic Radiance  Pois           3%         N/A       82%         4
 Orb of Destruction       Conj           17%        9d7       99%         7


Dungeon Overview and Level Annotations

Branches:
Dungeon (7/15)              Sewer (visited)
 Temple: D:4-7

Altars:
Elyvilon
Gozag
Makhleb
Qazlal
Zin

Shops:
D:4 [

Annotations:
D:7 Duvessa


Innate Abilities, Weirdness & Mutations

You have a beak for a mouth.
You have claws for feet.
Your magical nature lets you fly swiftly and evasively.


Message History

Duvessa screams, "No!
How DARE you!"
Duvessa goes berserk!
The zap hits Duvessa.
Duvessa is moderately wounded.
Casting: Shock (safe; 1% risk of failure)
Confirm with . or Enter, or press ? or * to list all spells.
Duvessa is struck by an arc of lightning.
Duvessa is heavily wounded.
You are struck by an arc of lightning.
Duvessa is struck by an arc of lightning.
Duvessa is heavily wounded.
You are struck by an arc of lightning.
The lightning grounds out.
Duvessa hits you with a +0 short sword! Duvessa hits you with a +0 short sword.
You fade into invisibility!
Duvessa closely misses you.
Casting: Static Discharge (safe; 1% risk of failure)
Confirm with . or Enter, or press ? or * to list all spells.
Duvessa is struck by an arc of lightning!
Duvessa is severely wounded.
You are struck by an arc of lightning.
Duvessa is struck by an arc of lightning.
Duvessa is severely wounded.
The lightning grounds out.
Duvessa barely misses you. Duvessa completely misses you.
Casting: Static Discharge (safe; 1% risk of failure)
Confirm with . or Enter, or press ? or * to list all spells.
Duvessa is struck by an arc of lightning.
Duvessa is severely wounded.
You are struck by an arc of lightning.
The lightning grounds out.
Duvessa hits you with a +0 short sword!
* * * LOW HITPOINT WARNING * * *
Casting: Static Discharge (safe; 1% risk of failure)
Confirm with . or Enter, or press ? or * to list all spells.
Duvessa is struck by an arc of lightning!
Duvessa is almost dead.
You are struck by an arc of lightning.
* * * LOW HITPOINT WARNING * * *
Duvessa is struck by an arc of lightning.
Duvessa is almost dead.
The lightning grounds out.
Duvessa hits you with a +0 short sword.
You die...

.##.. ....#
.... ...
######..
.##......
........#
#.@# #)e#
#...#
#.....
.......
.........
..........
...##......


You could see Duvessa (berserk, unable to see you).

Vanquished Creatures
  2 orc warriors (D:6)
  An ice beast (D:6)
  3 black bears
  A kobold brigand (Sewer)
  A bullfrog (D:6)
  2 gnoll sergeants
  6 scorpions
  Dowan (D:7)
  3 killer bees (D:6)
  2 jellies
  2 gnoll boudas
  2 hounds
  Crazy Yiuf (D:3)
  3 orc priests
  An iguana (D:6)
  10 orc wizards
  22 gnolls
  2 river rats (Sewer)
  9 adders
  A white imp (D:6)
  An ufetubus (D:5)
  4 worms
  A dart slug (D:1)
  32 orcs
  7 endoplasms
  2 giant cockroaches
  2 goblins
  3 hobgoblins
  5 quokkas
  13 ball pythons
  5 bats
  3 frilled lizards (D:1)
  12 kobolds
  10 rats
175 creatures vanquished.

Notes
Turn   | Place    | Note
-------+----------+-------------------------------------------
     0 | D:1      | Essalna the Tengu Air Elementalist began the quest for the
                  | Orb.
     0 | D:1      | Reached XP level 1. HP: 10/10 MP: 4/4
   204 | D:1      | Reached skill level 1 in Fighting
   204 | D:1      | Reached XP level 2. HP: 10/16 MP: 0/6
   560 | D:1      | Reached XP level 3. HP: 20/20 MP: 5/7
  1764 | D:2      | Reached XP level 4. HP: 21/26 MP: 6/8
  1770 | D:2      | Reached skill level 5 in Air Magic
  1956 | D:2      | Learned a level 2 spell: Static Discharge
  2143 | D:3      | Gained mutation: Your magical nature lets you fly swiftly
                  | and evasively. [Tengu growth]
  2143 | D:3      | Reached XP level 5. HP: 31/31 MP: 9/9
  2220 | D:3      | Found a runed translucent door.
  2221 | D:3      | Noticed Crazy Yiuf
  2230 | D:3      | Killed Crazy Yiuf
  2782 | D:3      | Found a white marble altar of Elyvilon.
  3013 | D:3      | Reached XP level 6. HP: 37/37 MP: 10/10
  3138 | D:3      | Reached skill level 6 in Air Magic
  3377 | D:4      | Reached skill level 5 in Conjurations
  3434 | D:4      | Found Lorano's Antique Armour Shoppe.
  3452 | D:4      | Learned a level 4 spell: Airstrike
  3690 | D:4      | Noticed a black bear
  3701 | D:4      | Killed a black bear
  3702 | D:4      | Reached XP level 7. HP: 42/42 MP: 11/11
  3889 | D:4      | Found a glowing silver altar of Zin.
  3936 | D:4      | Reached skill level 7 in Air Magic
  4005 | D:4      | Found a stormy altar of Qazlal.
  4190 | D:5      | Entered Level 5 of the Dungeon
  4210 | D:5      | Found a glowing drain.
  4219 | Sewer    | Entered a sewer
  4746 | D:5      | Reached XP level 8. HP: 24/48 MP: 12/12
  4840 | D:5      | Reached skill level 5 in Fighting
  4852 | D:5      | Reached skill level 8 in Air Magic
  4986 | D:5      | Found an opulent altar of Gozag.
  5008 | D:5      | Found a burning altar of Makhleb.
  5502 | D:5      | Reached skill level 1 in Armour
  6160 | D:6      | Reached XP level 9. HP: 49/55 MP: 14/14
  6873 | D:6      | Reached skill level 9 in Air Magic
  7335 | D:7      | Noticed Duvessa
  7335 | D:7      | Noticed Dowan
  7342 | D:7      | Killed Dowan
  7347 | D:7      | Slain by Duvessa

Illustrated notes

Levels and vault maps discovered:
D:1:      minmay_arrival_shattered_statue, layout_basic,
          chequers_serial_rivers_micro_e
D:2:      layout_loops_ring
D:3:      layout_loops_ring, elyvilon_altar_3, due_unseen_surprise,
          uniq_crazy_yiuf_cottage
D:4:      layout_rooms, mainiacjoe_overflow_tiny_flanked,
          mainiacjoe_overflow_cross_hatched, serial_shops,
          nicolae_shop_tiny_waterfront
D:5:      layout_rooms, mainiacjoe_overflow_catwalk_spiral,
          portal_sewer_entry_b, st_stairs_9
D:6:      layout_basic, grunt_ministairs_2
D:7:      layout_layer_cave, temple_doors_cd, uniq_pikel, uniq_duvessa

Skill      XL: |  1  2  3  4  5  6  7  8  9 |
---------------+----------------------------+-----
Fighting       | 1 2 3 4 5 6 |  6.2
Conjurations   | 2 3 4 5 6 7 8 |  8.3
Air Magic      | 5 6 7 8 9 |  9.1
Armour         | 2 3 |  3.3
Dodging        | 3 4 |  4.1
Spellcasting   | 3 |  3.6
Stealth        | |  2.0

Action                     |  1- 3 |  4- 6 |  7- 9 || total
---------------------------+-------+-------+-------++-------
  Melee: Unarmed           |     9 |       |       ||     9
         Kick              |     3 |       |     4 ||     7
         Spear             |     2 |       |       ||     2
         Peck              |     1 |       |     3 ||     4
         Short sword       |       |       |    17 ||    17
         Punch             |       |       |     1 ||     1
   Cast: Shock             |    74 |   115 |   255 ||   444
         Static Discharge  |       |     7 |    26 ||    33
         Airstrike         |       |       |     5 ||     5
    Use: Scroll            |     2 |     2 |     8 ||    12
         Potion            |       |       |     3 ||     3
 Armour: Robe              |     2 |     4 |    12 ||    18
  Dodge: Dodged            |    23 |    22 |    74 ||   119

Table legend: (Time is in decaauts)
 A = Elapsed time spent in this place.
 B = Non-inter-level travel time spent in this place.
 C = Inter-level travel time spent in this place.
 D = Time resting spent in this place.
 E = Time spent auto-exploring this place.
 F = Levels seen in this place.
 G = Mean time per level.
                   A        B        C        D        E       F      G
               +--------+--------+--------+--------+--------+-----+--------+
         Total |   7089 |   6931 |    158 |    215 |   5776 |   8 |  886.1 |
       Dungeon |   6620 |   6462 |    158 |    215 |   5400 |   7 |  945.7 |
         Sewer |    468 |    468 |      0 |      0 |    376 |   1 |  468.0 |
               +--------+--------+--------+--------+--------+-----+--------+

Top non-repeatable levels by time:
     D:6: 1565 daAuts
     D:1: 1327 daAuts
     D:3: 1263 daAuts
     D:5: 955 daAuts
     D:4: 777 daAuts
     D:2: 719 daAuts
   Sewer: 468 daAuts
     D:7: 11 daAuts
